Map: 2000 Atmospheres LE

Players

Has

  • Race: Protoss Protoss

Trap - Winner!

  • Race: Protoss Protoss

Event: DreamHack SC2 Masters 2021 Fall

VOD

Have the link to the VOD?

Description

Time

  • Played on: Sept. 10, 2021, 9:10 a.m.
  • Length: 8:25

All games in this series

Show
View Real Time Build Order
Export as new Build Order

Has Protoss 

Build Orders: Nexus First 

Get SALT Encoding   

  12  0:00  Probe  
  13  0:12  Probe  
  14  0:19  Pylon  
  14  0:24  Probe  
  15  0:51  Nexus  
  15  1:02  Gateway  
  15  1:06  Probe  
  16  1:13  Assimilator  
  17  1:23  Gateway  
  16  1:27  Probe  
  17  1:39  Probe  
  18  1:50  Cybernetics Core  
  18  1:51  Zealot  
  20  1:56  Probe (Chrono Boost)  
  21  2:06  Probe (Chrono Boost)  
  21  2:08  Probe (Chrono Boost)  
  23  2:15  Probe (Chrono Boost)  
  24  2:17  Probe (Chrono Boost)  
  26  2:25  Probe (Chrono Boost)  
  26  2:28  Stalker  
  29  2:34  Stalker  
  30  2:37  Warp Gate (Chrono Boost), Probe  
  30  2:41  Probe  
  31  2:48  Pylon  
  31  2:51  Shield Battery  
  31  2:57  Probe (Chrono Boost)  
  33  2:59  Probe (Chrono Boost)  
  33  3:05  Probe (Chrono Boost)  
  32  3:08  Probe (Chrono Boost)  
  32  3:09  Assimilator  
  33  3:15  Probe (Chrono Boost)  
  33  3:16  Shield Battery  
  33  3:17  Stalker  
  37  3:20  Probe (Chrono Boost)  
  37  3:24  Probe (Chrono Boost)  
  37  3:26  Pylon  
  39  3:28  Probe (Chrono Boost)  
  39  3:33  Twilight Council  
  39  3:35  Probe  
  39  3:39  Shield Battery  
  39  3:40  Probe  
  41  3:47  Probe  
  42  3:51  Pylon  
  42  3:52  Probe  
  43  3:59  Probe  
  43  4:00  Assimilator  
  44  4:04  Probe  
  44  4:06  Blink (Chrono Boost)  
  45  4:11  Probe  
  45  4:16  Shield Battery, Probe  
  47  4:19  Stalker  
  43  4:26  Probe (Chrono Boost)  
  43  4:29  Probe (Chrono Boost)  
  40  4:34  Stalker  
  44  4:39  Probe (Chrono Boost)  
  44  4:40  Probe (Chrono Boost)  
  44  4:43  Gateway  
  44  4:44  Probe (Chrono Boost)  
  44  4:46  Stalker  
  44  4:47  Probe  
  48  4:55  Probe  
  45  5:00  Probe  
  45  5:07  Probe  
  45  5:10  Stalker  
  45  5:12  Probe  
  49  5:15  Assimilator, Stalker  
  49  5:19  Probe  
  52  5:24  Probe  
  53  5:30  Robotics Facility  
  53  5:31  Probe  
  53  5:34  Stalker  
  56  5:36  Pylon  
  56  5:40  Probe  
  57  5:45  Stalker  
  57  5:46  Stalker  
  57  5:49  Probe  
  62  5:55  Probe  
  63  5:57  Pylon  
  63  6:01  Probe  
  64  6:09  Probe  
  65  6:14  Stalker x2  
  65  6:17  Observer (Chrono Boost)  
  70  6:18  Pylon  
  70  6:28  Nexus  
  70  6:38  Probe  
  67  6:40  Probe  
  65  6:52  Stalker x2  
  65  6:53  Stalker  
  72  6:54  Observer (Chrono Boost)  
  72  7:01  Gateway  
  72  7:02  Gateway  
  72  7:04  Gateway, Probe  
  72  7:06  Probe  
  74  7:18  Stalker  
  74  7:20  Stalker  
  74  7:21  Stalker  
  80  7:27  Pylon  
  80  7:29  Warp Prism (Chrono Boost)  
  82  7:37  Pylon  
  82  7:45  Stalker x2  
  82  7:50  Stalker  
  88  7:59  Pylon  
  88  8:12  Stalker  
  90  8:13  Stalker x2  
Show
View Real Time Build Order
Export as new Build Order

Trap Protoss - Winner!

Build Orders: Oracle Opening, Blink Stalkers 

Get SALT Encoding   

  12  0:00  Probe  
  13  0:12  Probe  
  14  0:18  Pylon  
  14  0:24  Probe  
  15  0:37  Gateway, Probe (Chrono Boost)  
  16  0:46  Assimilator, Probe (Chrono Boost)  
  17  0:51  Probe  
  18  1:03  Probe (Chrono Boost)  
  19  1:04  Assimilator  
  19  1:12  Gateway  
  19  1:14  Probe (Chrono Boost)  
  20  1:18  Probe (Chrono Boost)  
  20  1:24  Cybernetics Core  
  21  1:29  Probe  
  22  1:34  Pylon  
  22  1:41  Probe  
  23  1:53  Probe  
  24  2:00  Adept x2, Warp Gate  
  28  2:05  Pylon  
  29  2:13  Shield Battery  
  28  2:25  Stargate  
  30  2:42  Probe  
  29  2:51  Nexus  
  29  2:54  Probe  
  30  3:05  Oracle (Chrono Boost)  
  29  3:06  Probe  
  33  3:14  Twilight Council  
  33  3:19  Probe  
  34  3:21  Pylon  
  34  3:31  Probe  
  34  3:32  Oracle (Chrono Boost)  
  38  3:43  Probe  
  39  3:50  Shield Battery  
  39  3:55  Blink (Chrono Boost)  
  39  3:56  Probe  
  40  4:05  Gateway  
  40  4:09  Probe (Chrono Boost)  
  42  4:13  Probe (Chrono Boost)  
  42  4:19  Probe (Chrono Boost)  
  42  4:22  Probe (Chrono Boost)  
  42  4:24  Probe (Chrono Boost)  
  44  4:30  Stalker x2  
  49  4:32  Probe  
  49  4:35  Probe  
  51  4:40  Assimilator  
  51  4:42  Pylon  
  51  4:44  Probe  
  52  4:49  Probe, Dark Shrine  
  53  4:56  Probe  
  54  5:02  Probe  
  54  5:05  Assimilator, Stalker  
  54  5:06  Stalker  
  59  5:08  Probe  
  59  5:12  Pylon  
  59  5:14  Probe  
  61  5:15  Stalker  
  61  5:20  Pylon, Probe  
  64  5:26  Probe  
  65  5:31  Forge  
  65  5:32  Probe  
  66  5:44  Nexus  
  66  5:52  Probe x2  
  68  5:57  Protoss Ground Weapons Level 1 (Chrono Boost)  
  68  6:01  Dark Templar x2  
  72  6:04  Dark Templar  
  72  6:08  Gateway  
  74  6:12  Pylon  
  74  6:18  Robotics Facility  
  74  6:20  Probe x2  
  74  6:22  Pylon  
  76  6:33  Stalker x2  
  80  6:45  Stalker  
  78  6:47  Probe x2  
  78  6:53  Shield Battery  
  80  6:55  Shield Battery  
  80  6:56  Probe  
  80  6:59  Probe x2  
  83  7:01  Stalker x3  
  83  7:04  Immortal (Chrono Boost)  
  83  7:08  Probe  
  94  7:15  Stalker  
  94  7:20  Pylon  
  96  7:24  Stalker x2  
  96  7:25  Sentry  
  102  7:30  Probe x3  
  102  7:34  Immortal (Chrono Boost)  
  109  7:44  Gateway x2  
  109  7:48  Gateway  
  109  7:50  Sentry  
  111  7:51  Zealot  
  111  7:55  Gateway  
  113  8:02  Stalker x2  
  113  8:04  Observer (Chrono Boost)  
  118  8:07  Pylon  
  118  8:08  Pylon  
  114  8:22  Stalker x2  

Tags
 
Add a new tag
Caveats
  • Supply blocks, unpowered buildings, or Contaminate may cause inaccurate times.
  • Supply counts are checked every 10 seconds.